 Dungeon Crawl Stone Soup version 0.23-a0-139-ga22e90c45f (webtiles) character file.

18 Holzbalken the Poker (level 2, -1/22 HPs)
             Began as a Merfolk Gladiator on Aug 31, 2018.
             Slain by an orc
             ... wielding a +0 whip
              (3 damage)
             ... on level 3 of the Dungeon.
             The game lasted 00:02:38 (490 turns).

Holzbalken the Poker (Merfolk Gladiator)             Turns: 490, Time: 00:02:39

Health: -1/22      AC:  4    Str: 14    XL:     2   Next: 70%
Magic:  2/2        EV: 14    Int:  7    God:
Gold:   26         SH:  0    Dex: 15    Spells: 1/1 levels left

rFire    . . .     SeeInvis .   a - +0 trident
rCold    . . .     Gourm    .   (no shield)
rNeg     . . .     Faith    .   b - +0 leather armour
rPois    .         Spirit   .   c - +0 helmet
rElec    .         Reflect  .   (no cloak)
rCorr    .         Harm     .   (no gloves)
MR       .....                  (no boots)
Stlth    +.........             j - amulet of the acrobat
HPRegen  0.07/turn              (no ring)
MPRegen  0.08/turn              (no ring)

@: no status effects
A: change form in water, swift swim, stealthy swim
a: no special abilities


You were on level 3 of the Dungeon.
You were not hungry.

You visited 1 branch of the dungeon, and saw 3 of its levels.

You collected 26 gold pieces.

Inventory:

Hand Weapons
 a - a +0 trident (weapon)
Missiles
 d - 3 throwing nets (quivered)
Armour
 b - a +0 leather armour (worn)
 c - a +0 helmet (worn)
Jewellery
 j - an amulet of the acrobat (around neck)
Scrolls
 i - a scroll of teleportation {unknown}
Potions
 e - 2 potions of flight {unknown}
 h - a potion of curing {unknown}
Comestibles
 f - 2 rations
 g - 3 chunks of flesh


   Skills:
 - Level 2.1 Fighting
 * Level 5.3 Polearms
 - Level 2.0 Throwing
 + Level 4.4 Dodging


You had one spell level left.
You didn't know any spells.
Your spell library was empty.

Dungeon Overview and Level Annotations

Branches:
Dungeon (3/15)

Altars:


Message History

2 goblins come into view.
The goblin shouts! x2; You hear a shout!
A goblin comes into view. It is wielding a club.
A goblin and a hobgoblin come into view.
The hobgoblin shouts!
The goblin shouts!
The goblin shouts! x2
Found a brown potion and 7 gold pieces.
You hit the goblin.
You kill the goblin!
The orc hits you with a whip. The orc hits you with a whip.
The goblin barely misses you. The goblin hits you.
* * * LOW HITPOINT WARNING * * *
The hobgoblin hits you but does no damage.
The goblin hits you.
* * * LOW HITPOINT WARNING * * *
The goblin hits you but does no damage. The hobgoblin hits you with a club.
* * * LOW HITPOINT WARNING * * *
The goblin closely misses you. The orc hits you with a whip.
You die...

######### #..$.!..#
#8.....8# #.......#
#8.....8# #.......#
.. #8g@gg.8# .#
#.ogg...# ..
.#8.g...8# .
............#.####.
............#......
.....#######........
..... #.#####.. ....
#.# .... #.#


You could see an orc, a hobgoblin and 5 goblins.

Vanquished Creatures
  A leopard gecko (D:1)
  3 goblins
  3 hobgoblins (D:1)
  A ball python (D:3)
  4 bats (D:1)
  2 frilled lizards (D:1)
  3 kobolds (D:1)
  A rat (D:1)
18 creatures vanquished.

Notes
Turn   | Place    | Note
-------+----------+-------------------------------------------
     0 | D:1      | Holzbalken the Merfolk Gladiator began the quest for the
                  | Orb.
     0 | D:1      | Reached XP level 1. HP: 16/16 MP: 1/1
   142 | D:1      | Reached XP level 2. HP: 19/22 MP: 2/2
   152 | D:1      | Reached skill level 5 in Polearms
   490 | D:3      | Slain by an orc

Vault maps used:
D:1:      dpeg_arrival_water_temple_mockup
D:2:      old_standard_altar, minmay_divided_ellipse, uniq_natasha
D:3:      kennysheep_the_goblin_king, old_standard_altar, grunt_dithmenos_smoke,
          uniq_terence, uniq_ijyb

Skill      XL: |  1  2 |
---------------+-------+-----
Polearms       | 5 |  5.3
Fighting       | |  2.1
Throwing       | |  2.0
Dodging        | |  4.4

Action                   || total
-------------------------++-------
Melee: Trident           ||    58
Armor: Leather armour    ||    14
Dodge: Dodged            ||    45

Table legend:
 A = Non-vault XP
 B = Vault XP
 C = Vault XP percentage of total XP
 D = Non-vault monster count
 E = Vault monster count
 F = Vault count percentage of total count
                 A         B        C        D         E       F
            +---------+---------+-------+---------+---------+-------
      Total |      25 |       2 |   7.4 |      17 |       1 |   5.6
            +---------+---------+-------+---------+---------+-------
        D:1 |      24 |       0 |   0.0 |      16 |       0 |   0.0
        D:3 |       1 |       2 |  66.7 |       1 |       1 |  50.0
            +---------+---------+-------+---------+---------+-------
